[Event "December 19 Late 2023"]
[Site "https://www.chess.com"]
[Date "2023.12.19"]
[Round "11"]
[White "Fernandez Bustamante, Leancy B."]
[Black "Bold, Andre"]
[Result "1-0"]
[Board "77"]
[TimeControl "180+1"]
[WhiteFideId "3523870"]
[BlackFideId "16208471"]
[WhiteElo "2049"]
[BlackElo "2110"]
[WhiteTeam "CUB"]
[BlackTeam "GER"]
[WhiteClock "0:00:23"]
[BlackClock "0:00:02"]

1. e4 c6 2. Nf3 d5 3. exd5 cxd5 4. d4 Nf6 5. c3 Bg4 6. h3 Bxf3 7. Qxf3 e6 8. Bd3 Be7 9. O-O O-O 10. Bf4 Nc6 11. Nd2 a6 12. Rfe1 b5 13. Rac1 Na5 14. Bb1 Re8 15. Be5 Nc4 16. Nxc4 bxc4 17. Qe2 Nd7 18. Qh5 g6 19. Qg4 Nxe5 20. Rxe5 Bd6 21. Re3 a5 22. h4 h5 23. Qh3 a4 24. g4 hxg4 25. Qxg4 Qc7 26. h5 Bf4 27. hxg6 f5 28. Qh5 Bxe3 29. fxe3 Ra7 30. Kf2 Qg7 31. Bc2 Kf8 32. Qg5 f4 33. Rh1 fxe3+ 34. Ke2 Rf7 35. Rh7 Rf2+ 36. Ke1 Rxc2 37. Rxg7 Kxg7 38. Qh5 Rg2 39. Qh7+ Kf6 40. Qf7+ Kg5 41. Qxe8 Kf4 42. g7 Rg1+ 43. Ke2 Rg2+ 44. Kf1 Kf3 45. Qf7+ Ke4 46. Qxe6+ Kd3 47. Kxg2 1-0

[Event "December 19 Late 2023"]
[Site "https://www.chess.com"]
[Date "2023.12.19"]
[Round "11"]
[White "Reprintsev, Alexander"]
[Black "Gerbelli Neto, Eduardo"]
[Result "0-1"]
[Board "78"]
[TimeControl "180+1"]
[WhiteFideId "14100541"]
[BlackFideId "2103281"]
[WhiteElo "2229"]
[BlackElo "2178"]
[WhiteTeam "UKR"]
[BlackTeam "BRA"]
[WhiteClock "0:00:00"]
[BlackClock "0:00:19"]

1. e4 e5 2. Nf3 Nc6 3. Bc4 Nf6 4. Ng5 d5 5. exd5 Nd4 6. c3 b5 7. Bf1 Nxd5 8. cxd4 Qxg5 9. Bxb5+ Kd8 10. O-O Bb7 11. Qf3 Rb8 12. dxe5 Nf4 13. Qg3 Qxe5 14. d4 Qxb5 15. Bxf4 Qd7 16. Nc3 f6 17. Rac1 g5 18. Bxc7+ Qxc7 19. Qxc7+ Kxc7 20. Nd5+ Kd8 21. Nxf6 Be7 22. Ng4 Rc8 23. Rxc8+ Kxc8 24. Rc1+ Kb8 25. Ne5 Rc8 26. Rxc8+ Kxc8 27. f3 Bd5 28. a3 Bd6 29. Ng4 Be7 30. Ne3 Bf7 31. Kf2 Bf6 32. d5 Bxb2 0-1

[Event "December 19 Late 2023"]
[Site "https://www.chess.com"]
[Date "2023.12.19"]
[Round "11"]
[White "Gao, Raymond"]
[Black "Devagharan, Devina"]
[Result "1-0"]
[Board "79"]
[TimeControl "180+1"]
[WhiteFideId "2629429"]
[BlackFideId "2061600"]
[WhiteElo "1953"]
[BlackElo "2420"]
[WhiteTeam "CAN"]
[BlackTeam "USA"]
[WhiteClock "0:00:34"]
[BlackClock "0:00:03"]

1. a3 d5 2. Nf3 Nf6 3. e3 g6 4. c4 Bg7 5. cxd5 Nxd5 6. Nc3 Nxc3 7. bxc3 c5 8. d4 Nc6 9. Be2 O-O 10. O-O Bg4 11. Rb1 Qc7 12. h3 Bf5 13. Bd3 Bxd3 14. Qxd3 a6 15. e4 Rfd8 16. d5 Na5 17. c4 b6 18. g3 Nb7 19. Bf4 e5 20. dxe6 Rxd3 21. Bxc7 Rxf3 22. Rxb6 Na5 23. e7 Re8 24. Rb8 f6 25. Rxe8+ Kf7 26. Ra8 1-0

[Event "December 19 Late 2023"]
[Site "https://www.chess.com"]
[Date "2023.12.19"]
[Round "11"]
[White "Pein, Jonathan"]
[Black "Slavin, Alexey"]
[Result "0-1"]
[Board "80"]
[TimeControl "180+1"]
[WhiteFideId "417092"]
[BlackFideId "24104388"]
[WhiteElo "2130"]
[BlackElo "2264"]
[WhiteTeam "ENG"]
[BlackTeam "RUS"]
[WhiteClock "0:00:00"]
[BlackClock "0:01:28"]

1. g3 Nf6 2. Bg2 Nc6 3. e4 d6 4. d4 Bg4 5. f3 Bd7 6. Ne2 e5 7. O-O Be7 8. Nbc3 Qc8 9. d5 Nb8 10. Be3 Bh3 11. Qd2 Bxg2 12. Kxg2 O-O 13. a4 a6 14. a5 Nbd7 15. b4 Re8 16. Rf2 Nf8 17. Na4 Ng6 18. c4 h6 19. c5 Nh7 20. Rc1 Qd8 21. c6 bxc6 22. Rxc6 Bg5 23. Ng1 Ne7 24. Rc4 Qd7 25. Nc3 f5 26. Bxg5 Nxg5 27. h4 Nh7 28. Qc2 Rf8 29. Nh3 Nf6 30. Ne2 Rac8 31. Qd3 fxe4 32. fxe4 Ng4 33. Rf3 Rxf3 34. Qxf3 Rf8 35. Qd3 Qb5 36. Qc2 Qxc4 37. Qxc4 Ne3+ 0-1

[Event "December 19 Late 2023"]
[Site "https://www.chess.com"]
[Date "2023.12.19"]
[Round "11"]
[White "Figorito, Nick"]
[Black "Kornyukov, Alexey"]
[Result "0-1"]
[Board "81"]
[TimeControl "180+1"]
[WhiteFideId "30923689"]
[BlackFideId "4150457"]
[WhiteElo "2400"]
[BlackElo "2352"]
[WhiteTeam "USA"]
[BlackTeam "RUS"]
[WhiteClock "0:00:08"]
[BlackClock "0:00:06"]

1. Nf3 d5 2. g3 c6 3. Bg2 Nf6 4. O-O Bg4 5. Ne5 Bh5 6. c4 e6 7. Qb3 Qb6 8. Qxb6 axb6 9. cxd5 exd5 10. d4 Nbd7 11. Nxd7 Nxd7 12. Nc3 Bb4 13. Bd2 O-O 14. Rfe1 f5 15. e3 b5 16. a3 Ba5 17. h4 Nf6 18. Rac1 Ne8 19. Nb1 Bxd2 20. Nxd2 Nd6 21. Rc2 Nc4 22. Nxc4 bxc4 23. Rcc1 Ra5 24. Rb1 Rb5 25. Bf1 Rb3 26. Rec1 Rb6 27. Rc3 Ra8 28. Kg2 Kf8 29. Rc2 Rxa3 30. bxa3 Rxb1 31. Be2 Bxe2 32. Rxe2 b5 33. Ra2 Rb3 34. Kf3 Ke7 35. Kf4 Kf6 36. f3 g6 37. g4 h6 38. g5+ hxg5+ 39. hxg5+ Ke6 40. e4 fxe4 41. fxe4 Rd3 42. exd5+ Kxd5 43. a4 Rxd4+ 44. Ke3 bxa4 45. Rxa4 Rg4 46. Kd2 Rxg5 47. Kc3 Rg3+ 48. Kc2 Kd4 49. Ra8 Rg2+ 50. Kd1 Kd3 51. Rd8+ Kc3 52. Rc8 g5 53. Rxc6 g4 54. Rf6 g3 55. Rf8 Rd2+ 56. Ke1 g2 57. Rg8 Ra2 58. Rg3+ Kb4 59. Rg4 Ra1+ 60. Kf2 g1=Q+ 61. Rxg1 Rxg1 62. Kxg1 c3 63. Kf2 c2 64. Ke2 c1=Q 65. Kd3 Qf4 66. Kc2 Qg3 67. Kb1 Kc3 68. Kc1 Qg2 69. Kb1 Qb2# 0-1

[Event "December 19 Late 2023"]
[Site "https://www.chess.com"]
[Date "2023.12.19"]
[Round "11"]
[White "Dwilewicz, Katarzyna"]
[Black "Cardozo Munar, Carlos Eduardo"]
[Result "1-0"]
[Board "82"]
[TimeControl "180+1"]
[WhiteFideId "1148486"]
[BlackFideId "4409477"]
[WhiteElo "2098"]
[BlackElo "2067"]
[WhiteTeam "POL"]
[BlackTeam "COL"]
[WhiteClock "0:02:22"]
[BlackClock "0:00:08"]

1. Nf3 Nf6 2. g3 g6 3. Bg2 Bg7 4. O-O O-O 5. d4 d6 6. c4 Nbd7 7. Nc3 Re8 8. e4 a6 9. Re1 e5 10. dxe5 Nxe5 11. Nxe5 dxe5 12. Qxd8 Rxd8 13. Bg5 c6 14. Rad1 Be6 15. b3 h6 16. Be3 Bf8 17. Na4 b5 18. Nc5 Bxc5 19. Bxc5 bxc4 20. Rxd8+ Rxd8 21. Be7 Rd2 22. Bxf6 cxb3 23. axb3 Bxb3 24. Bxe5 Rd1 25. Rxd1 Bxd1 26. Bc3 c5 27. f4 c4 28. Kf2 Kf8 29. Ke3 Ke7 30. Bf1 Bb3 31. Kd4 g5 32. Bxc4 Bd1 33. f5 h5 34. e5 h4 35. gxh4 gxh4 36. Bb4+ Ke8 37. Bxa6 Bb3 38. Bb5+ Kd8 39. Be1 h3 40. Bf1 Bc2 41. Bxh3 Ke7 42. Bb4+ Ke8 43. Bg4 f6 44. e6 Ba4 45. Bh5+ Kd8 46. e7+ Kc7 47. e8=Q Bxe8 48. Bxe8 1-0

[Event "December 19 Late 2023"]
[Site "https://www.chess.com"]
[Date "2023.12.19"]
[Round "11"]
[White "ajian"]
[Black "Chemin, Justo Reinaldo"]
[Result "1-0"]
[Board "83"]
[TimeControl "180+1"]
[BlackFideId "2101580"]
[WhiteElo "2397"]
[BlackElo "1940"]
[BlackTeam "BRA"]
[WhiteClock "0:01:07"]
[BlackClock "0:00:26"]

1. d4 e6 2. c4 d5 3. Nc3 c6 4. e3 Nf6 5. Nf3 Nbd7 6. Qc2 Bd6 7. b3 b6 8. Bd3 Bb7 9. O-O Rc8 10. Qe2 O-O 11. Bb2 e5 12. cxd5 cxd5 13. Nb5 e4 14. Nxd6 exf3 15. Qxf3 Rb8 16. Ba3 Ne4 17. Nxb7 Rxb7 18. Bxe4 dxe4 19. Qxe4 Rc7 20. Bxf8 Nxf8 21. Rac1 Rd7 22. Qc6 Qe7 23. h3 h5 24. Rfd1 Ng6 25. Qf3 Qg5 26. d5 Ne7 27. d6 Nf5 28. Rd5 g6 29. Rc8+ Kh7 30. e4 Rxd6 31. exf5 Rf6 32. fxg6+ fxg6 33. Rd7+ 1-0

[Event "December 19 Late 2023"]
[Site "https://www.chess.com"]
[Date "2023.12.19"]
[Round "11"]
[White "Kovacevic, Radmila"]
[Black "Zhukov, Maksim"]
[Result "1-0"]
[Board "84"]
[TimeControl "180+1"]
[WhiteFideId "933171"]
[BlackFideId "34181790"]
[WhiteElo "2052"]
[BlackElo "1925"]
[WhiteTeam "SRB"]
[BlackTeam "RUS"]
[WhiteClock "0:00:50"]
[BlackClock "0:00:00"]

1. e4 c5 2. Nf3 e6 3. d4 cxd4 4. Nxd4 a6 5. a4 b6 6. Bd3 Bb7 7. g4 Qc7 8. c3 d6 9. Be3 Nd7 10. b4 Ne5 11. f4 Nxd3+ 12. Qxd3 Nf6 13. Nd2 Nxg4 14. Bg1 Be7 15. h3 Bh4+ 16. Kf1 Nf6 17. Rh2 Bg3 18. Qxg3 Nxe4 19. Nxe4 Bxe4 20. Re1 Qc4+ 21. Kf2 d5 22. Qxg7 Rf8 23. Re3 O-O-O 24. Qe5 1-0

[Event "December 19 Late 2023"]
[Site "https://www.chess.com"]
[Date "2023.12.19"]
[Round "11"]
[White "Kubatko, Ivan"]
[Black "Essing, Arnold"]
[Result "1-0"]
[Board "85"]
[TimeControl "180+1"]
[WhiteFideId "24111473"]
[BlackFideId "4619862"]
[WhiteElo "2285"]
[BlackElo "2257"]
[WhiteTeam "RUS"]
[BlackTeam "GER"]
[WhiteClock "0:00:09"]
[BlackClock "0:00:00"]

1. e4 Nf6 2. e5 Nd5 3. c4 Nb6 4. a4 a5 5. c5 Nd5 6. Bc4 e6 7. Nc3 c6 8. d4 b6 9. cxb6 Qxb6 10. Nge2 Ba6 11. Bxd5 cxd5 12. O-O Nc6 13. Nb5 Bxb5 14. axb5 Qxb5 15. Nc3 Qb6 16. Be3 Qxb2 17. Na4 Qb7 18. f4 Bb4 19. f5 O-O-O 20. Rc1 Kb8 21. Nc5 Qb5 22. fxe6 fxe6 23. Rf7 Bxc5 24. Rxc5 Qb4 25. Qd3 Na7 26. Bd2 Qb7 27. Rxa5 Rhf8 28. Rxf8 Rxf8 29. Ra1 Ka8 30. Rb1 Qc6 31. Bb4 Rb8 32. Bc5 Rxb1+ 33. Qxb1 Qb7 34. Qxh7 Nc6 35. Qc2 Qb5 36. Kf2 Kb7 37. h4 Qc4 38. Qxc4 dxc4 39. g4 Nd8 40. Bf8 g6 41. h5 gxh5 42. gxh5 Nf7 43. h6 Ng5 44. Be7 Nh7 45. Ke3 Kc6 46. Kd2 Kd5 47. Kc3 Ke4 48. Kxc4 Kf5 49. Kc5 Kg6 50. Kd6 Kxh6 51. Kxd7 Kg6 52. Kxe6 1-0

[Event "December 19 Late 2023"]
[Site "https://www.chess.com"]
[Date "2023.12.19"]
[Round "11"]
[White "Laskakis, Konstantinos"]
[Black "UnTucopalaTimba"]
[Result "1-0"]
[Board "86"]
[TimeControl "180+1"]
[WhiteFideId "42134374"]
[WhiteElo "2371"]
[BlackElo "2236"]
[WhiteTeam "GRE"]
[WhiteClock "0:00:08"]
[BlackClock "0:00:01"]

1. d4 Nf6 2. c4 e6 3. Nc3 Bb4 4. Qc2 O-O 5. e4 d5 6. e5 Ne4 7. Bd3 c5 8. Nf3 cxd4 9. Nxd4 Nd7 10. Bf4 Ndc5 11. O-O Nxd3 12. Qxd3 Qc7 13. cxd5 Nxc3 14. d6 Qc5 15. Rac1 Qxd4 16. Qf3 Nd5 17. Bg3 f6 18. Rfd1 Qxb2 19. Rxd5 Qxc1+ 20. Rd1 Qc2 21. d7 Bxd7 22. Rxd7 Rac8 23. h4 fxe5 24. Qg4 Qg6 25. Qxb4 Rc1+ 26. Kh2 Rb1 27. Qe7 Qf6 28. Qd6 Rb6 29. Qc7 g5 30. Bxe5 Rc6 31. Rg7+ Kh8 32. Rxh7+ Kg8 33. Rg7+ Kh8 34. Bxf6 Rxc7 35. Rxc7+ Rxf6 36. hxg5 Rxf2 37. Rxb7 Rxa2 38. Re7 Ra6 39. Kg3 Kg8 40. Kg4 Kf8 41. Rb7 Ra5 42. Kh5 Kg8 43. Kg6 Kf8 44. Rb8+ Ke7 45. Kh6 Rf5 46. g6 Rf6 47. Kh7 Rf1 48. g7 Rh1+ 49. Kg6 Rg1 50. g8=Q Rxg2+ 51. Kh7 Rh2+ 52. Kg7 Rg2+ 53. Kh8 Rh2+ 54. Qh7+ Rxh7+ 55. Kxh7 a5 56. Kg6 Kd6 57. Kg5 e5 58. Kg4 Kd5 59. Kf3 a4 60. Ra8 Kd4 61. Ke2 Kc3 62. Rxa4 1-0

[Event "December 19 Late 2023"]
[Site "https://www.chess.com"]
[Date "2023.12.19"]
[Round "11"]
[White "Gumugama"]
[Black "Su, Dion"]
[Result "1-0"]
[Board "87"]
[TimeControl "180+1"]
[BlackFideId "2029731"]
[WhiteElo "2227"]
[BlackElo "2369"]
[BlackTeam "USA"]
[WhiteClock "0:02:15"]
[BlackClock "0:01:22"]

1. e4 e6 2. d4 d5 3. Nd2 Nf6 4. e5 Nfd7 5. f4 c5 6. c3 Nc6 7. Ndf3 a5 8. h4 a4 9. Kf2 f6 10. Kg3 Be7 11. Be3 a3 12. b3 O-O 13. Rh3 cxd4 14. cxd4 fxe5 15. fxe5 Nb6 16. Bd3 Nb4 17. Bxh7+ Kxh7 18. Ng5+ Bxg5 19. hxg5+ Kg8 20. Qh5 Rf5 21. Qh8+ Kf7 22. Qxd8 Nc2 23. g6+ Kxg6 24. Qe8+ Rf7 25. Rf1 1-0

[Event "December 19 Late 2023"]
[Site "https://www.chess.com"]
[Date "2023.12.19"]
[Round "11"]
[White "Chess_Star1234"]
[Black "Ardila, Oscar Humberto"]
[Result "1-0"]
[Board "88"]
[TimeControl "180+1"]
[BlackFideId "4404742"]
[WhiteElo "2359"]
[BlackElo "1915"]
[BlackTeam "COL"]
[WhiteClock "0:00:42"]
[BlackClock "0:00:55"]

1. d4 Nf6 2. c4 e6 3. Nc3 Bb4 4. Qc2 d5 5. a3 Be7 6. Nf3 O-O 7. Bg5 Nbd7 8. cxd5 exd5 9. e3 h6 10. Bh4 c6 11. Bd3 Re8 12. O-O Nf8 13. b4 a6 14. Rab1 Nh5 15. Bxe7 Qxe7 16. a4 b5 17. a5 Bd7 18. Nd2 Nf6 19. Ne2 Ne4 20. Bxe4 dxe4 21. Rfc1 Rac8 22. Qc5 Qxc5 23. Rxc5 f5 24. Rbc1 Ne6 25. Rxf5 Nc7 26. Rfc5 Nd5 27. Rb1 Kf7 28. Nc3 Nf6 29. Rc1 Be6 30. Ncxe4 Bd5 31. Nd6+ Ke6 32. Nxc8 Rxc8 33. e4 Bc4 34. Nxc4 bxc4 35. d5+ Kd6 36. Rxc6+ Rxc6 37. dxc6 Nxe4 38. Rxc4 Nf6 39. c7 1-0

[Event "December 19 Late 2023"]
[Site "https://www.chess.com"]
[Date "2023.12.19"]
[Round "11"]
[White "Chiquitita23"]
[Black "Sailer, Mike"]
[Result "0-1"]
[Board "89"]
[TimeControl "180+1"]
[BlackFideId "2012901"]
[WhiteElo "2124"]
[BlackElo "2109"]
[BlackTeam "USA"]
[WhiteClock "0:00:00"]
[BlackClock "0:00:13"]

1. e4 d5 2. exd5 Qxd5 3. Nf3 Bg4 4. Be2 Nc6 5. h3 Bh5 6. O-O O-O-O 7. Nc3 Qd7 8. a4 Nf6 9. d3 e5 10. Nxe5 Bxe2 11. Qxe2 Nxe5 12. Qxe5 Bd6 13. Qa5 Kb8 14. Nb5 a6 15. Be3 Rhe8 16. c4 Rxe3 17. fxe3 Qe7 18. Nxd6 Qxe3+ 19. Kh1 Rxd6 20. Rae1 Qxd3 21. c5 Rd5 22. Rf3 Qd4 23. b4 Ne4 24. Rfe3 f5 25. b5 axb5 26. axb5 Qxc5 27. Ra1 Kc8 28. Qa8+ Kd7 29. Qxb7 Qxe3 30. Qxd5+ Nd6 31. Rd1 f4 32. Qc6+ Ke7 33. b6 Ne4 34. Qxc7+ Kf6 35. Qd8+ Kf5 36. Qf8+ Kg6 37. Qe8+ Kh6 38. Qe6+ g6 39. Qg4 Nf2+ 40. Kh2 Nxg4+ 41. hxg4 Qg3+ 42. Kg1 Qxg4 43. Rf1 f3 44. Rf2 fxg2 45. Rxg2 Qd4+ 46. Kh1 Qxb6 47. Rh2+ Kg7 48. Rg2 Qf6 49. Kh2 Qf5 50. Kg1 h5 51. Kh2 Kf6 52. Kg1 g5 53. Kh2 h4 54. Kg1 Qf4 55. Kh1 Kf5 56. Kg1 h3 57. Rf2 Qxf2+ 58. Kxf2 Kg4 59. Kg1 Kg3 60. Kh1 Kf2 61. Kh2 g4 62. Kh1 h2 63. Kxh2 g3+ 64. Kh3 g2 65. Kh4 g1=Q 0-1

[Event "December 19 Late 2023"]
[Site "https://www.chess.com"]
[Date "2023.12.19"]
[Round "11"]
[White "Novikova, Margarita"]
[Black "Carrasco Miranda, Andres"]
[Result "0-1"]
[Board "90"]
[TimeControl "180+1"]
[WhiteFideId "14109689"]
[BlackFideId "3405990"]
[WhiteElo "2090"]
[BlackElo "2183"]
[WhiteTeam "GER"]
[BlackTeam "CHI"]
[WhiteClock "0:00:00"]
[BlackClock "0:00:58"]

1. e4 e5 2. Nf3 Nc6 3. Bc4 Bc5 4. c3 Nf6 5. d4 exd4 6. cxd4 Bb4+ 7. Bd2 Bxd2+ 8. Nbxd2 d5 9. exd5 Nxd5 10. O-O O-O 11. Rc1 Bg4 12. h3 Bh5 13. a3 a5 14. Qb3 Nb6 15. Bb5 Nxd4 16. Nxd4 Qxd4 17. Nc4 Be2 18. Rfe1 Bxc4 19. Bxc4 Nxc4 20. Rxc4 Qb6 21. Qxb6 cxb6 22. Rc7 Rab8 23. Ree7 g6 24. Rxb7 Rxb7 25. Rxb7 Rc8 26. b4 axb4 27. axb4 Rc6 28. b5 Re6 29. Kh2 Kg7 30. Kg3 Kf6 31. Rc7 h5 32. h4 Rd6 33. f3 Ke6 34. Kf4 f6 35. Rg7 Rd5 36. Rxg6 Kf7 37. Rh6 Kg7 0-1

[Event "December 19 Late 2023"]
[Site "https://www.chess.com"]
[Date "2023.12.19"]
[Round "11"]
[White "Kostiukov, Alexandr"]
[Black "Vanek, Tomas"]
[Result "1-0"]
[Board "91"]
[TimeControl "180+1"]
[WhiteFideId "14108100"]
[BlackFideId "313459"]
[WhiteElo "2112"]
[BlackElo "2052"]
[WhiteTeam "UKR"]
[BlackTeam "CZE"]
[WhiteClock "0:00:15"]
[BlackClock "0:01:22"]

1. g3 e5 2. c4 g6 3. Bg2 Bg7 4. Nc3 c6 5. e4 Ne7 6. Nge2 O-O 7. O-O f5 8. d4 exd4 9. Nxd4 fxe4 10. Nxe4 d5 11. cxd5 Nxd5 12. Nc5 Nf4 13. Bxf4 Bxd4 14. Qb3+ Kh8 15. Rad1 Qb6 16. Rxd4 Qxc5 17. Rfd1 Bg4 18. Bd6 Bxd1 19. Qxd1 Qf5 20. Rf4 Qxf4 21. gxf4 Re8 22. Be5+ Kg8 23. Qb3+ Kf8 24. Qxb7 Nd7 25. Qxd7 Re7 26. Bd6 Re8 27. Bxc6 Kf7 28. Bxe7 Rxe7 29. Bd5+ Kf6 30. Qd6+ Kf5 31. Qxe7 1-0

[Event "December 19 Late 2023"]
[Site "https://www.chess.com"]
[Date "2023.12.19"]
[Round "11"]
[White "De Souza, Cristiano Gomes"]
[Black "Jesusesmifuerza"]
[Result "1-0"]
[Board "92"]
[TimeControl "180+1"]
[WhiteFideId "2151758"]
[WhiteElo "2068"]
[BlackElo "2187"]
[WhiteTeam "BRA"]
[WhiteClock "0:02:20"]
[BlackClock "0:01:19"]

1. d4 d5 2. c4 c6 3. Nf3 Nf6 4. Nc3 e6 5. Bg5 Be7 6. e3 O-O 7. Rc1 b6 8. Be2 Bb7 9. O-O Nbd7 10. b3 h6 11. Bh4 Re8 12. Bg3 Nf8 13. Ne5 Bd6 14. f3 Qe7 15. Rc2 N6d7 16. Nxd7 Nxd7 17. Bxd6 Qxd6 18. e4 e5 19. cxd5 cxd5 20. Nb5 Qb4 21. Nc7 dxe4 22. Nxe8 Rxe8 23. Rc4 Qe7 24. Rc7 Ba8 25. Bb5 Rd8 26. dxe5 Qxe5 27. Rxd7 Qc5+ 28. Kh1 Rxd7 29. Qxd7 exf3 30. Qe8+ Kh7 31. Qxa8 fxg2+ 32. Qxg2 Qxb5 33. Qc2+ g6 34. Rxf7+ Kg8 35. Qxg6+ 1-0

[Event "December 19 Late 2023"]
[Site "https://www.chess.com"]
[Date "2023.12.19"]
[Round "11"]
[White "Alimpic, Aleksa"]
[Black "Navyblue1"]
[Result "1-0"]
[Board "93"]
[TimeControl "180+1"]
[WhiteFideId "974323"]
[WhiteElo "2290"]
[BlackElo "2154"]
[WhiteTeam "SRB"]
[WhiteClock "0:01:15"]
[BlackClock "0:00:51"]

1. d4 Nf6 2. c3 c5 3. Nf3 Qb6 4. g3 g6 5. Bg2 Bg7 6. O-O O-O 7. Re1 d5 8. dxc5 Qxc5 9. Be3 Qb5 10. Qb3 Qxb3 11. axb3 Nc6 12. h3 e5 13. b4 e4 14. Nd4 Nxd4 15. Bxd4 a6 16. Nd2 Be6 17. Nb3 Nd7 18. e3 Rac8 19. Bf1 Rc6 20. b5 axb5 21. Bxb5 Rcc8 22. Ra7 Rb8 23. Rea1 Rfc8 24. Kg2 Bf8 25. Bxd7 Bxd7 26. Be5 Bc6 27. Bxb8 Rxb8 28. Ra8 Rxa8 29. Rxa8 Kg7 30. Nd4 Bc5 31. Nxc6 bxc6 32. Rc8 1-0

[Event "December 19 Late 2023"]
[Site "https://www.chess.com"]
[Date "2023.12.19"]
[Round "11"]
[White "Seletsky, Grigory"]
[Black "Melamed, Daniel"]
[Result "1-0"]
[Board "94"]
[TimeControl "180+1"]
[WhiteFideId "14112191"]
[BlackFideId "3229076"]
[WhiteElo "2482"]
[BlackElo "1908"]
[WhiteTeam "UKR"]
[BlackTeam "AUS"]
[WhiteClock "0:00:20"]
[BlackClock "0:00:04"]

1. e4 c5 2. Nf3 e6 3. d4 cxd4 4. Nxd4 Nf6 5. Nc3 Nc6 6. Ndb5 d6 7. Bf4 e5 8. Bg5 a6 9. Na3 b5 10. Nd5 Be7 11. Bxf6 Bxf6 12. c3 Bg5 13. Nc2 O-O 14. a4 bxa4 15. Rxa4 a5 16. Bc4 Rb8 17. b3 Be6 18. O-O Ne7 19. Qd3 Nxd5 20. Bxd5 Bxd5 21. Qxd5 Qb6 22. Rb1 Rfc8 23. c4 Be7 24. g3 Rc5 25. Qd3 Qc7 26. Ne3 g6 27. Nd5 Qb7 28. Qc3 Bd8 29. Kg2 f5 30. f3 Qd7 31. Rb2 Qc6 32. Rd2 Qb7 33. Rd3 Qc6 34. Ra2 Qb7 35. g4 fxe4 36. fxe4 Qd7 37. h3 Rb7 38. Rf3 Qg7 39. Raf2 Bh4 40. Rf1 Bd8 41. Qc2 Rc8 42. Qf2 Bg5 43. h4 Bf4 44. g5 Rcb8 45. Nxf4 exf4 46. Rxf4 Rxb3 47. Rf7 Rb2 48. Rxg7+ Kxg7 49. Qxb2+ Rxb2+ 50. Kf3 Rc2 51. Rd1 Rxc4 52. Rxd6 Rc3+ 53. Kf4 a4 54. Ra6 a3 55. Ra7+ Kg8 56. Ke5 Rb3 57. Kd5 Rd3+ 58. Ke6 Rb3 59. e5 Rb6+ 60. Kd5 Rb3 61. e6 Rh3 62. Ra8+ Kg7 63. e7 Rd3+ 64. Kc4 Re3 65. e8=Q Rxe8 66. Rxe8 Kf7 67. Ra8 Ke6 68. Rxa3 Kf5 69. Ra4 Kg4 70. Kd5+ Kh5 71. Ra7 h6 72. gxh6 Kxh6 73. Ke4 Kh5 74. Rh7+ Kg4 75. Ke5 Kh3 76. Kf6 Kg3 77. Kxg6 1-0

[Event "December 19 Late 2023"]
[Site "https://www.chess.com"]
[Date "2023.12.19"]
[Round "11"]
[White "Korol, Dimitry"]
[Black "Demina, Marya"]
[Result "1-0"]
[Board "95"]
[TimeControl "180+1"]
[WhiteFideId "14108003"]
[BlackFideId "4195671"]
[WhiteElo "2262"]
[BlackElo "1978"]
[WhiteTeam "UKR"]
[BlackTeam "RUS"]
[WhiteClock "0:01:09"]
[BlackClock "0:00:00"]

1. d4 Nf6 2. c4 c5 3. d5 b5 4. Nd2 b4 5. e4 d6 6. Ngf3 g6 7. b3 Bg7 8. Bb2 O-O 9. h3 a5 10. a4 bxa3 11. Rxa3 Na6 12. Bd3 Nb4 13. Bb1 e5 14. dxe6 fxe6 15. O-O d5 16. exd5 exd5 17. cxd5 Nbxd5 18. Ne4 Bb7 19. Nxc5 Rf7 20. Ne6 Qe7 21. Re1 Qd7 22. Nxg7 Kxg7 23. Ne5 Qc7 24. Nxf7 Kxf7 25. Qd4 Qc6 26. Bd3 Nb4 27. Bc4+ Kg7 28. Qxf6+ Qxf6 29. Re7+ Kf8 30. Bxf6 Nc2 31. Ra2 Nb4 32. Rd2 Bc6 33. Rf7+ 1-0

[Event "December 19 Late 2023"]
[Site "https://www.chess.com"]
[Date "2023.12.19"]
[Round "11"]
[White "Shapiro, Daniel"]
[Black "Guzman Lozano, Campo Elias"]
[Result "1-0"]
[Board "96"]
[TimeControl "180+1"]
[WhiteFideId "2001780"]
[BlackFideId "4403746"]
[WhiteElo "2287"]
[BlackElo "2099"]
[WhiteTeam "USA"]
[BlackTeam "COL"]
[WhiteClock "0:00:11"]
[BlackClock "0:00:10"]

1. d4 Nf6 2. c4 e6 3. g3 c6 4. Bg2 d5 5. Qc2 Nbd7 6. Nf3 Be7 7. O-O Ne4 8. Rd1 O-O 9. Ne5 f5 10. Nd3 Nb6 11. b3 Bd7 12. f3 Nf6 13. Nd2 Rc8 14. e4 fxe4 15. fxe4 Be8 16. Bb2 Ng4 17. Nf1 Bg5 18. Qe2 Nh6 19. Nc5 Qe7 20. h4 Bf6 21. e5 Bxh4 22. gxh4 Qxh4 23. Nxe6 Rf5 24. Rd3 Bh5 25. Qe1 Qe7 26. Nc5 dxc4 27. bxc4 Nxc4 28. Bc1 Nf7 29. Bh3 Rg5+ 30. Bxg5 Qxg5+ 31. Rg3 Qh6 32. Bxc8 Ng5 33. Qf2 b6 34. Qc2 Na5 35. Ne4 Nf3+ 36. Rxf3 Bxf3 37. Nfg3 Qf4 38. Rf1 Qe3+ 39. Qf2 Qxf2+ 40. Rxf2 Bxe4 41. Nxe4 Nc4 42. e6 Nd6 43. e7 c5 44. Rf8# 1-0

[Event "December 19 Late 2023"]
[Site "https://www.chess.com"]
[Date "2023.12.19"]
[Round "11"]
[White "Guevara Sanchez, Erick Marvin"]
[Black "Golubenko, Valentina"]
[Result "1-0"]
[Board "97"]
[TimeControl "180+1"]
[WhiteFideId "6700136"]
[BlackFideId "4501993"]
[WhiteElo "2040"]
[BlackElo "2126"]
[WhiteTeam "ESA"]
[BlackTeam "CRO"]
[WhiteClock "0:00:39"]
[BlackClock "0:00:08"]

1. e4 e6 2. d4 c5 3. d5 exd5 4. exd5 d6 5. Nf3 Nf6 6. c4 b5 7. cxb5 Be7 8. Nc3 O-O 9. Bd3 Bb7 10. Qb3 Nbd7 11. O-O Nb6 12. Bc4 Nxc4 13. Qxc4 a6 14. Re1 axb5 15. Qxb5 Bxd5 16. Nxd5 Nxd5 17. Qb7 Nb4 18. Rxe7 Nc2 19. Rb1 Rxa2 20. Bg5 Qa5 21. Qb3 Nb4 22. Bd2 Ra1 23. Rxa1 Qxa1+ 24. Re1 Qa2 25. Qxa2 Nxa2 26. g3 Rb8 27. Bf4 h6 28. Bxd6 Rxb2 29. Bxc5 Nc3 30. Bd4 Ne2+ 31. Kf1 Nxd4 32. Nxd4 Rd2 33. Nf3 Rd3 34. Re3 Rd1+ 35. Kg2 Ra1 36. Re7 f6 37. Nd4 Ra5 38. Rb7 Re5 39. f4 Rd5 40. Ne6 g5 41. Kf3 Rd6 42. f5 Rd5 43. Kg4 Re5 44. Rg7+ Kh8 45. Rg6 Re4+ 46. Kh5 Re5 47. Rxf6 Re1 48. Kxh6 Re2 49. Rf8# 1-0

[Event "December 19 Late 2023"]
[Site "https://www.chess.com"]
[Date "2023.12.19"]
[Round "11"]
[White "Merriman, John"]
[Black "Ivanov, Aleksandr"]
[Result "1-0"]
[Board "98"]
[TimeControl "180+1"]
[WhiteFideId "402362"]
[BlackFideId "2092980"]
[WhiteElo "2207"]
[BlackElo "2138"]
[WhiteTeam "ENG"]
[BlackTeam "USA"]
[WhiteClock "0:02:13"]
[BlackClock "0:01:42"]

1. d4 d5 2. c4 e6 3. Nc3 c6 4. Nf3 dxc4 5. a4 Bb4 6. e4 b5 7. Be2 Nf6 8. O-O Bxc3 9. bxc3 Nxe4 10. Qc2 Nf6 11. Ba3 Bb7 12. Ne5 a6 13. Rab1 Qc8 14. Qb2 Nbd7 15. Nxc4 c5 16. Nd6+ 1-0

[Event "December 19 Late 2023"]
[Site "https://www.chess.com"]
[Date "2023.12.19"]
[Round "11"]
[White "Khokhlova, Daria"]
[Black "Egorov, Konstantin"]
[Result "1-0"]
[Board "99"]
[TimeControl "180+1"]
[WhiteFideId "24182729"]
[BlackFideId "24154369"]
[WhiteElo "2032"]
[BlackElo "1878"]
[WhiteTeam "FID"]
[BlackTeam "RUS"]
[WhiteClock "0:00:30"]
[BlackClock "0:00:00"]

1. d4 Nf6 2. c4 e6 3. g3 d5 4. Nf3 Be7 5. Bg2 O-O 6. O-O dxc4 7. Qa4 a6 8. Qxc4 b5 9. Qc2 Bb7 10. Bd2 Nbd7 11. Ba5 Nb6 12. Nbd2 Rc8 13. b4 Bxf3 14. Bxf3 Qxd4 15. Bb7 c6 16. Bxc8 Nxc8 17. Nf3 Qg4 18. Qxc6 Nd6 19. Qxa6 Nfe4 20. Bb6 h5 21. Kg2 h4 22. h3 Qg6 23. g4 f5 24. Ne5 Qh6 25. Be3 f4 26. Bd4 Qg5 27. Nf3 Qc5 28. bxc5 Nc4 29. Qxe6+ 1-0